 Dungeon Crawl Stone Soup version 0.24-a0-208-g17bec22d17 (webtiles) character file.

Game seed: 5451689405591330914

5491 Redear the Gouger (level 10, -1/37 HPs)
             Began as a Felid Skald on Mar 29, 2019.
             Was a Plaything of Xom.
             Slain by a spiny frog (24 damage)
             ... on level 5 of the Lair of Beasts.
             The game lasted 01:45:07 (12590 turns).

Redear the Gouger (Felid Skald)                    Turns: 12590, Time: 01:45:07

Health: -1/37      AC:  2    Str: 12    XL:     10   Next: 42%
Magic:  24/26      EV: 21    Int: 14    God:    Xom [.....*]
Gold:   690        SH:  0    Dex: 15    Spells: 6/17 levels left
                                        Lives:  0   Deaths: 2

rFire    . . .     SeeInvis +     - Unarmed
rCold    . . .     Gourm    .   (shield unavailable)
rNeg     . . .     Faith    .   (armour unavailable)
rPois    .         Spirit   .   (helmet unavailable)
rElec    .         Reflect  .   (cloak unavailable)
rCorr    .         Harm     .   (gloves unavailable)
MR       +....                  (boots unavailable)
Stlth    +++++.....             C - amulet of the acrobat
HPRegen  0.12/turn              B - ring of magical power {MP+9}
MPRegen  0.20/turn              (no ring)

@: quick
A: very small, no armour, no weapons or thrown items, stealth, claws 1, fangs 3,
see invisible, carnivore, clumsy 1, speed 1, frail 1, screaming 1, shaggy fur 2,
slow metabolism 1, strong 1, sharp paws
a: Renounce Religion


You were on level 5 of the Lair of Beasts.
You worshipped Xom.
You were Xom's teddy bear.
You were not hungry.

You visited 2 branches of the dungeon, and saw 14 of its levels.
You also visited: Ossuary.

You collected 690 gold pieces.

Inventory:

Jewellery
 B - a ring of magical power (left paw) {MP+9}
 C - an amulet of the acrobat (around neck)
Wands
 d - a wand of polymorph (5)
 w - a wand of enslavement (12)
 A - a wand of flame (21)
 D - a wand of digging (3)
Scrolls
 a - 7 scrolls of remove curse
 e - a scroll of blinking {unknown}
 h - 2 scrolls of fear {unknown}
 i - a scroll of identify
 k - 6 scrolls of magic mapping {!r}
 l - 6 scrolls of enchant armour
 q - 3 scrolls of noise {!r}
 t - 4 scrolls of teleportation
 u - a scroll of amnesia {unknown}
 x - 2 scrolls of silence {unknown}
 y - a scroll of holy word {unknown}
 E - a scroll of summoning {unknown}
 G - a scroll of random uselessness {unknown}
Potions
 c - a potion of ambrosia {unknown}
 g - a potion of lignification {!q}
 j - 2 potions of agility
 m - 5 potions of curing
 n - 3 potions of brilliance
 o - a potion of might {unknown}
 p - 3 potions of resistance
 r - 2 potions of haste
 s - a potion of mutation {!q}
 v - 2 potions of cancellation
 z - 2 potions of berserk rage {unknown}
 F - a potion of flight {unknown}
 H - 3 potions of magic {unknown}
Comestibles
 b - 32 rations


   Skills:
 - Level 4.1 Fighting
 - Level 5.8 Dodging
 + Level 12.3 Stealth
 + Level 12.6 Unarmed Combat
 - Level 4.0 Spellcasting
 - Level 4.8 Conjurations
 - Level 4.0 Charms
 - Level 4.5 Necromancy
 - Level 4.5 Translocations
 - Level 3.6 Fire Magic
 - Level 4.2 Evocations


You had 6 spell levels left.
You knew the following spells:

 Your Spells              Type           Power        Failure   Level  Hunger
a - Infusion              Chrm           ##..         3%          1    None
c - Conjure Flame         Conj/Fire      ##......     10%         3    ###....
r - Regeneration          Chrm/Necr      ##........   10%         3    ###....
s - Shroud of Golubria    Chrm/Tloc      ##........   4%          2    ##.....
x - Throw Flame           Conj/Fire      ##....       4%          2    ##.....

Your spell library contained the following spells:

 Spells                   Type           Power        Failure   Level  Hunger
 Flame Tongue             Conj/Fire      ##...        3%          1    None
 Song of Slaying          Chrm           ##......     5%          2    ##.....
 Inner Flame              Hex/Fire       #.......     26%         3    ###....
 Sticky Flame             Conj/Fire      ##......     32%         4    ####...
 Fireball                 Conj/Fire      ##........   67%         5    ######.
 Spectral Weapon          Hex/Chrm       Unusable     N/A         3    N/A

Dungeon Overview and Level Annotations

Branches:
Dungeon (8/15)             Temple (0/1) D:5            Lair (6/6) D:8
  Swamp (0/4) Lair:2       Spider (0/4) Lair:3        Slime (0/5) Lair:6

Altars:
Cheibriados
Elyvilon
Gozag
Trog
Xom
Yredelemnul
The Shining One

Annotations:
D:3 1 runed translucent door, Emru's ghost, amateur MiGl
D:5 1 runed translucent door
Lair:4 1 runed translucent door
Lair:5 2 exclusions


Innate Abilities, Weirdness & Mutations

You cannot wear armour.
You are incapable of wielding weapons or throwing items.
Your paws allow you to move quietly. (Stealth)
You have sharp claws.
You have razor-sharp teeth.
You have supernaturally acute eyesight. (SInv)
You are carnivorous and can eat meat at any time.
You cover ground quickly.
You are covered in thick fur. (AC +2)
You have a slow metabolism.
Your sharp claws are effective at attacking unaware monsters.
You are clumsy. (Dex -2)
You are frail. (-10% HP)
You occasionally shout uncontrollably at your foes.
Your muscles are strong. (Str +2)


Message History

There is a stone staircase leading down here.
Unknown command.
Unknown command.
Space distorts slightly along a thin shroud covering your body.
The spiny frog stings you!
You take 15 damage, and have 22/37 hp.
MASSIVE DAMAGE!!
You now have 22/26 mp.
Okay, then.
Unknown command.
Okay, then.
Unknown command.
The area is suffused with divine lightning!
The blast of lightning engulfs the plant!!!
The blast of lightning engulfs the spiny frog!!
You hear a bellow!
You hear a bleat!
You scratch the spiny frog. The spiny frog barely misses you.
You barely miss the spiny frog. The spiny frog stings you!!
Ouch! That really hurt!
You die...

...#P## ......#...##
##........#
.P...............#.#
###.P#PP####
P....P...P...#...#####....####
.....#..#### ###.##.#.#...## #
..###..# #............# P##
[.##.#.### #P...###.#..##P...
..^.#..#.## ##...## #.#........
..........####P..## #....##.#..
.....#.........F@# ##..## # ##
#............### ##.##
##.............# #...#####
##P.>..........## ##......##.
##.............######.........#
#.#P................#..P#.#.P##
.##......................####
## .......<.........>.........#
...........<.............###


You could see a spiny frog.

Levels and vault maps discovered:
D:1:      dpeg_arrival_short_road, layout_basic
D:2:      wad_lake_hut, layout_basic, grunt_decor_fettered
D:3:      layout_loops_ring, ebering_ghost_sewer_d,
          minmay_fractal_squares_gapless_5
D:4:      layout_cave_pools, chequers_temple_overflow_minitemple, serial_park,
          serial_park_tiny_1, serial_park_gazebo [serial_park_minivault_5x5_8],
          serial_park_tiny_pond, first_ration, corexii_item_surrounded_by_moat
D:5:      layout_loops_corners, minmay_temple_entry_overgrown,
          lemuel_angel_altar, uniq_sigmund, uniq_duvessa, uniq_menkaure
D:6:      layout_rooms, elyvilon_altar_1, nicolae_ossuary_entry_ruins,
          basic_altar, serial_bayou_crossing
D:7:      layout_loops_corners, basic_altar
D:8:      layout_gridville, erik_lair_island
Lair:1:   layout_big_grid, lemuel_fruit_fields
Lair:2:   minmay_lair_venomous_thicket, layout_loops_ring,
          skrybe_swamp_entry_bodies, lemuel_fruit_tree, uniq_nergalle
Lair:3:   layout_cave_pods, dummy_spider_entry
Lair:4:   layout_layer_cave, pf_torpor_hydra
Lair:5:   layout_small_grid, infiniplex_staircase_pool, serial_bayou_shore_b,
          uniq_sonja
Lair:6:   grunt_lair_end_beastmaster, layout_misc_corridors,
          minmay_slime_entry_oklob_open
Ossuary:  ossuary_the_hunt_dpeg

Notes
Turn   | Place    | Note
-------+----------+-------------------------------------------
     0 | D:1      | Redear the Felid Skald began the quest for the Orb.
     0 | D:1      | Reached XP level 1. HP: 9/9 MP: 4/4
    27 | D:1      | Identified a +0 club
   260 | D:1      | Reached XP level 2. HP: 13/13 MP: 3/6
   329 | D:1      | Identified a +0 short sword of venom
   332 | D:1      | Identified a +0 dagger
   337 | D:1      | Reached skill level 1 in Stealth
   354 | D:1      | Identified a +0 dagger
   390 | D:1      | Identified a +0 short sword
   515 | D:1      | Identified a +0 club
   539 | D:1      | HP: 2/13 [jackal (3)]
   604 | D:1      | HP: 1/13 [kobold/+0 club (3)]
   997 | D:1      | Reached XP level 3. HP: 9/16 MP: 4/7
  1358 | D:2      | Identified a +0 club
  1358 | D:2      | Identified an uncursed ring of magical power
  1389 | D:2      | Reached skill level 4 in Charms
  1448 | D:2      | Learned a level 2 spell: Shroud of Golubria
  1452 | D:2      | Learned a level 3 spell: Regeneration
  1497 | D:2      | Identified a +0 club
  1861 | D:2      | Identified a +0 club
  1886 | D:2      | Reached XP level 4. HP: 17/20 MP: 2/8
  2112 | D:2      | Reached skill level 1 in Translocations
  2127 | D:2      | Reached skill level 2 in Stealth
  2299 | D:3      | Found a runed translucent door.
  2302 | D:3      | Noticed Emru's ghost (amateur MiGl)
  2327 | D:3      | Reached skill level 4 in Dodging
  2381 | D:3      | Identified a +0 hand axe
  2381 | D:3      | Identified a +0 dagger
  2381 | D:3      | Identified a +0 mace
  2406 | D:3      | HP: 5/20 [orc (3)]
  2640 | D:3      | Identified a +0 dagger
  2718 | D:3      | Identified a +0 club
  3004 | D:3      | Identified a cursed +0 giant club
  3004 | D:3      | Noticed an ogre
  3005 | D:3      | Identified a +0 whip
  3015 | D:3      | Killed an ogre
  3015 | D:3      | Reached skill level 1 in Necromancy
  3015 | D:3      | Reached skill level 2 in Translocations
  3015 | D:3      | Reached XP level 5. HP: 24/24 MP: 0/9
  3131 | D:3      | Reached skill level 3 in Fighting
  3131 | D:3      | Reached skill level 3 in Unarmed Combat
  3411 | D:4      | Reached skill level 3 in Stealth
  3458 | D:4      | Noticed a phantom
  3522 | D:4      | Gained mutation: You are covered in thick fur. (AC +2)
                  | [Felid growth]
  3522 | D:4      | Reached XP level 6. HP: 28/28 MP: 8/10
  3544 | D:4      | Identified a +0 ring mail
  3545 | D:4      | Identified a +0 mace
  3545 | D:4      | Identified a +0 leather armour
  3696 | D:4      | Identified a +0 club
  3696 | D:4      | Identified a +3 leather armour
  3736 | D:4      | Identified a +2 whip of electrocution
  3759 | D:4      | Identified a +0 whip
  3800 | D:4      | HP: 4/28 [iguana (6)]
  4221 | D:4      | Found an opulent altar of Gozag.
  4221 | D:4      | Found a glowing golden altar of the Shining One.
  4228 | D:4      | Found a shimmering altar of Xom.
  4231 | D:4      | Found a basalt altar of Yredelemnul.
  4233 | D:4      | Found a snail-covered altar of Cheibriados.
  4256 | D:4      | Became a worshipper of Xom of Gnomic Intent
  4284 | D:5      | Entered Level 5 of the Dungeon
  4284 | D:5      | Identified a +0 hand axe
  4284 | D:5      | Identified a +0 falchion
  4284 | D:5      | Identified a +0 leather armour
  4284 | D:5      | Identified a +0 dagger
  4284 | D:5      | Identified a +0 robe
  4287 | D:5      | Identified a +0 dagger
  4287 | D:5      | Identified a +0 robe
  4287 | D:5      | Identified a +0 trident
  4308 | D:4      | XOM: potion effect (brilliance)
  4320 | D:4      | XOM: scenery: create altars
  4330 | D:4      | Reached skill level 2 in Necromancy
  4330 | D:4      | Reached skill level 3 in Translocations
  4336 | D:5      | Found a staircase to the Ecumenical Temple.
  4384 | D:5      | XOM: cast spell 'Statue Form'
  4388 | D:5      | Reached skill level 5 in Dodging
  4390 | D:5      | XOM: noise
  4415 | D:5      | Reached skill level 4 in Stealth
  4415 | D:5      | Reached XP level 7. HP: 28/31 MP: 11/11
  4460 | D:5      | Identified a +0 war axe
  4465 | D:5      | XOM: confuse monster(s)
  4468 | D:5      | XOM: harmless Ice miscast
  4471 | D:5      | XOM: confuse monster(s)
  4483 | D:5      | HP: 4/31 [ice beast (11)]
  4491 | D:5      | XOM: summons friendly shadow imp
  4551 | D:5      | Identified a +0 giant spiked club
  4600 | D:5      | Noticed Menkaure
  4624 | D:5      | Identified 6 scrolls of identify
  4624 | D:5      | Identified 2 potions of curing
  4627 | D:5      | XOM: potion effect (brilliance)
  4630 | D:5      | Killed Menkaure
  4630 | D:5      | Reached skill level 4 in Translocations
  4645 | D:5      | Identified a +0 short sword
  4645 | D:5      | Identified a +0 chain mail
  4645 | D:5      | Noticed Duvessa
  4645 | D:5      | Identified a +0 dagger
  4645 | D:5      | Identified a +0 robe
  4645 | D:5      | Noticed Dowan
  4650 | D:5      | XOM: butterfly on damage
  4657 | D:5      | Identified 2 potions of lignification
  4658 | D:5      | Identified 4 scrolls of remove curse
  4697 | D:5      | XOM: mild Necr miscast
  4702 | D:5      | Killed Duvessa
  4702 | D:5      | Reached skill level 4 in Fighting
  4702 | D:5      | Reached skill level 4 in Unarmed Combat
  4732 | D:5      | Killed Dowan
  4732 | D:5      | Reached skill level 5 in Stealth
  4732 | D:5      | Reached skill level 3 in Necromancy
  4829 | D:5      | XOM: scenery: create altars
  4911 | D:5      | XOM: cleaving
  4934 | D:5      | Reached XP level 8. HP: 36/36 MP: 12/12
  5009 | D:5      | Identified a +0 scythe
  5009 | D:5      | Identified a +0 robe
  5009 | D:5      | Noticed Sigmund
  5092 | D:5      | Found a white marble altar of Elyvilon.
  5093 | D:5      | Found a runed translucent door.
  5093 | D:5      | Identified a +2 whip of holy wrath
  5093 | D:5      | Identified a cursed +0 robe
  5093 | D:5      | Noticed an angel
  5095 | D:5      | Noticed Sigmund
  5095 | D:5      | Sigmund changed into Sigmund the howler monkey
  5095 | D:5      | XOM: polymorph Sigmund -> Sigmund the howler monkey
  5102 | D:5      | Killed Sigmund the howler monkey
  5102 | D:5      | Reached skill level 4 in Necromancy
  5113 | D:5      | XOM: divination: detect creatures
  5156 | D:5      | XOM: 2-stop teleportation journey
  5208 | D:5      | XOM: noise
  5541 | D:5      | XOM: mild Conj miscast
  5586 | D:6      | Identified 3 scrolls of magic mapping
  5587 | D:6      | Identified 2 potions of mutation
  5588 | D:6      | Identified 3 potions of resistance
  5589 | D:6      | Identified 2 potions of cancellation
  5590 | D:6      | Gained mutation: Your spells are a little easier to cast,
                  | but a little less powerful. [potion of mutation]
  5590 | D:6      | Gained mutation: You expend magic power (3 MP) to
                  | strengthen your wands. [potion of mutation]
  5590 | D:6      | Gained mutation: You can translocate small distances at
                  | will. [potion of mutation]
  5618 | D:6      | Found a bloodstained altar of Trog.
  5629 | D:6      | Found a sand-covered staircase.
  5641 | Ossuary  | Entered an ossuary
  5672 | Ossuary  | XOM: summons 2 hostile shadow creatures
  5679 | Ossuary  | Identified 2 potions of agility
  5731 | D:6      | Identified a +0 dagger
  5736 | D:6      | Identified a +0 halberd
  5758 | D:6      | Identified a +1 whip of freezing
  5798 | D:6      | Identified a +0 halberd
  5820 | D:6      | XOM: polymorph gnoll -> iguana
  5838 | D:6      | XOM: noise
  5841 | D:6      | Reached skill level 5 in Unarmed Combat
  5991 | D:6      | Reached skill level 6 in Unarmed Combat
  6027 | D:6      | XOM: 3-stop teleportation journey
  6258 | D:6      | Found a white marble altar of Elyvilon.
  6390 | D:7      | Identified 2 scrolls of fog
  6391 | D:7      | Identified 4 scrolls of teleportation
  6392 | D:7      | Noticed a hippogriff
  6431 | D:7      | Killed a hippogriff
  6431 | D:7      | Reached skill level 7 in Unarmed Combat
  6502 | D:7      | Found a shimmering altar of Xom.
  6591 | D:7      | XOM: god gift: scroll labeled NOKKYM GYTHEBB {god gift}
  6595 | D:7      | Reached XP level 9. HP: 35/39 MP: 13/13
  6608 | D:7      | Reached skill level 8 in Unarmed Combat
  6746 | D:7      | Identified a +0 shortbow
  6827 | D:7      | Identified an amulet of the acrobat (You found it on level
                  | 7 of the Dungeon)
  7009 | D:8      | Identified a +0 giant club
  7009 | D:8      | Identified a cursed +0 giant club
  7009 | D:8      | Noticed a two-headed ogre
  7012 | D:8      | Noticed a troll
  7031 | D:8      | XOM: summons friendly iron imp
  7036 | D:8      | Killed a two-headed ogre
  7036 | D:8      | Reached skill level 9 in Unarmed Combat
  7102 | D:8      | Identified a +0 shortbow
  7125 | D:8      | Reached skill level 10 in Unarmed Combat
  7170 | D:8      | Identified a +0 trident
  7170 | D:8      | Identified a cursed -1 chain mail
  7170 | D:8      | Identified a +0 hand axe
  7170 | D:8      | Identified a +0 leather armour
  7171 | D:8      | Identified a +0 short sword
  7193 | D:8      | HP: 2/39 [orc warrior/+0 trident (18)]
  7193 | D:8      | XOM: butterfly on damage
  7240 | D:8      | Found a staircase to the Lair.
  7240 | D:8      | XOM: 1-stop teleportation journey
  7242 | D:8      | XOM: cast spell 'Shadow Creatures'
  7242 | D:8      | HP: 7/39 [electric eel/bolt of electricity (3)]
  7243 | Lair:1   | Entered Level 1 of the Lair of Beasts
  7276 | Lair:1   | Noticed a spiny frog
  7300 | Lair:1   | Killed a spiny frog
  7300 | Lair:1   | Reached skill level 6 in Stealth
  7397 | Lair:1   | HP: 9/39 [wolf (12)]
  7397 | Lair:1   | XOM: butterfly on damage
  7615 | Lair:1   | Identified 3 scrolls of enchant armour
  7650 | Lair:1   | Reached skill level 7 in Stealth
  7688 | Lair:1   | XOM: blink monster(s)
  7696 | Lair:1   | Redear: hi ку
  7709 | Lair:1   | 1994: ку
  7726 | Lair:1   | XOM: harmless Summ miscast
  7785 | Lair:1   | XOM: confuse monster(s)
  7794 | Lair:1   | Reached XP level 10. HP: 32/42 MP: 13/14
  7855 | Lair:2   | Identified a cursed -2 dagger
  7855 | Lair:2   | Identified a +0 robe
  7855 | Lair:2   | Noticed Nergalle
  7930 | Lair:2   | Reached skill level 8 in Stealth
  7949 | Lair:2   | Noticed a black mamba
  7950 | Lair:2   | Reached skill level 11 in Unarmed Combat
  7952 | Lair:2   | Noticed a black mamba
  7952 | Lair:2   | Noticed a black mamba
  7983 | Lair:2   | Killed a black mamba
  7990 | Lair:2   | XOM: medium Ice miscast
  8056 | Lair:2   | Noticed a spiny frog
  8063 | Lair:2   | XOM: mild Chrm miscast
  8099 | Lair:2   | XOM: harmless Ice miscast
  8101 | Lair:2   | XOM: butterfly on damage
  8120 | Lair:2   | XOM: summons 3 friendly demons
  8124 | Lair:2   | XOM: give mutations
  8124 | Lair:2   | Gained mutation: You are frail. (-10% HP) [Xom's mischief]
  8124 | Lair:2   | Gained mutation: You occasionally shout uncontrollably at
                  | your foes. [Xom's mischief]
  8124 | Lair:2   | Gained mutation: You are clumsy. (Dex -2) [Xom's mischief]
  8124 | Lair:2   | Lost mutation: You are frail. (-10% HP) [Xom's mischief]
  8129 | Lair:2   | Killed a spiny frog
  8129 | Lair:2   | Reached skill level 9 in Stealth
  8133 | Lair:2   | XOM: mild Tloc miscast
  8151 | Lair:2   | Found a staircase to the Swamp.
  8216 | Lair:2   | Noticed a spiny frog
  8228 | Lair:2   | XOM: butterfly on damage
  8260 | Lair:1   | XOM: harmless Air miscast
  8349 | Lair:1   | Reached skill level 1 in Evocations
  8378 | Lair:2   | XOM: harmless Tmut miscast
  8391 | Lair:2   | XOM: cleaving
  8393 | Lair:2   | XOM: smoke on damage
  8432 | Lair:2   | Killed a spiny frog
  8469 | Lair:2   | Reached skill level 2 in Evocations
  8491 | Lair:2   | XOM: cast spell 'Cause Fear'
  8512 | Lair:2   | XOM: destruction
  8516 | Lair:2   | Killed a black mamba
  8518 | Lair:2   | Reached skill level 10 in Stealth
  8518 | Lair:2   | Reached skill level 3 in Evocations
  8845 | Lair:2   | Killed Nergalle
  8845 | Lair:2   | Reached skill level 4 in Evocations
  8948 | Lair:2   | XOM: give mutations
  8948 | Lair:2   | Gained mutation: Your body sometimes deteriorates upon
                  | taking damage. [Xom's mischief]
  8948 | Lair:2   | Gained mutation: Your magical capacity is low. (-10% MP)
                  | [Xom's mischief]
  8986 | Lair:3   | Learned a level 3 spell: Conjure Flame
  9354 | Lair:3   | XOM: swap monsters
  9355 | Lair:3   | XOM: swap monsters
  9365 | Lair:3   | Reached skill level 1 in Conjurations
  9365 | Lair:3   | Reached skill level 1 in Fire Magic
  9365 | Lair:3   | Reached XP level 11. HP: 30/46 MP: 14/14
  9373 | Lair:3   | Found a hole to the Spider Nest.
  9376 | Lair:3   | XOM: blink monster(s)
  9504 | Lair:3   | XOM: summons 11 friendly demons
  9584 | Lair:3   | Reached skill level 2 in Conjurations
  9584 | Lair:3   | Reached skill level 2 in Fire Magic
  9620 | Lair:3   | XOM: 6-stop teleportation journey
  9656 | Lair:3   | XOM: smoke on damage
  9791 | Lair:3   | XOM: swap monsters
 10043 | Lair:4   | Reached skill level 3 in Spellcasting
 10043 | Lair:4   | Reached skill level 3 in Conjurations
 10045 | Lair:4   | XOM: harmless Fire miscast
 10121 | Lair:4   | XOM: mild Erth miscast
 10464 | Lair:4   | XOM: confuse monster(s)
 10473 | Lair:4   | Reached skill level 3 in Fire Magic
 10551 | Lair:4   | XOM: potion effect (berserk rage)
 10690 | Lair:4   | XOM: potion effect (might)
 10770 | Lair:4   | Reached skill level 4 in Conjurations
 10787 | Lair:4   | Found a runed translucent door.
 10823 | Lair:4   | XOM: cast spell 'Dispersal'
 10830 | Lair:4   | XOM: enchant monster (good)
 10891 | Lair:4   | Slain by a spiny frog
 10892 | Lair:4   | Reached XP level 10. HP: 0/42 MP: 16/23
 10892 | Lair:4   | Noticed a spiny frog
 10895 | Lair:4   | Killed a spiny frog
 10896 | Lair:4   | Noticed a spiny frog
 10903 | Lair:4   | Killed a spiny frog
 10944 | Lair:4   | Killed a spiny frog
 10983 | Lair:4   | XOM: cloud trail
 11008 | Lair:4   | XOM: silly message
 11085 | Lair:4   | XOM: harmless Pois miscast
 11102 | Lair:5   | Noticed a catoblepas
 11104 | Lair:5   | XOM: potion effect (berserk rage)
 11112 | Lair:4   | XOM: summons friendly quasit
 11113 | Lair:4   | XOM: summons friendly white imp
 11183 | Lair:4   | Killed a spiny frog
 11250 | Lair:5   | HP: 9/42 [porcupine's spines (11)]
 11250 | Lair:5   | Reached skill level 4 in Spellcasting
 11268 | Lair:5   | XOM: potion effect (curing)
 11270 | Lair:5   | XOM: confuse monster(s)
 11282 | Lair:5   | XOM: potion effect (curing)
 11285 | Lair:5   | Identified a +0 short sword of distortion
 11285 | Lair:5   | Identified a +5 blowgun
 11285 | Lair:5   | Noticed Sonja
 11295 | Lair:4   | Reached skill level 12 in Unarmed Combat
 11326 | Lair:5   | Killed Sonja
 11326 | Lair:5   | Reached skill level 11 in Stealth
 11368 | Lair:5   | Lost mutation: You expend magic power (3 MP) to strengthen
                  | your wands. [potion of mutation]
 11368 | Lair:5   | Lost mutation: Your body sometimes deteriorates upon taking
                  | damage. [potion of mutation]
 11368 | Lair:5   | Lost mutation: You occasionally shout uncontrollably at
                  | your foes. [potion of mutation]
 11368 | Lair:5   | Gained mutation: You occasionally shout uncontrollably at
                  | your foes. [potion of mutation]
 11368 | Lair:5   | Gained mutation: Your muscles are strong. (Str +2) [potion
                  | of mutation]
 11412 | Lair:5   | Noticed a spiny frog
 11454 | Lair:5   | Killed a spiny frog
 11463 | Lair:5   | Learned a level 2 spell: Throw Flame
 11483 | Lair:5   | Reached XP level 11. HP: 41/46 MP: 16/16
 11593 | Lair:5   | XOM: mild Tloc miscast
 11804 | Lair:5   | XOM: noise
 11965 | Lair:5   | XOM: butterfly on damage
 12067 | Lair:5   | Identified 3 scrolls of noise
 12068 | Lair:5   | Identified 3 potions of brilliance
 12069 | Lair:5   | Identified 3 potions of haste
 12071 | Lair:6   | Entered Level 6 of the Lair of Beasts
 12071 | Lair:6   | Noticed a six-headed hydra
 12072 | Lair:6   | Killed a six-headed hydra
 12086 | Lair:6   | Redear: тут еще?
 12108 | Lair:6   | 1994: да
 12125 | Lair:5   | XOM: butterfly on damage
 12127 | Lair:5   | XOM: divination: detect creatures
 12128 | Lair:5   | Killed from afar by a catoblepas
 12129 | Lair:5   | Reached XP level 10. HP: 0/42 MP: 18/24
 12129 | Lair:5   | Redear: vvlf
 12129 | Lair:5   | Redear: мда
 12186 | Lair:6   | Reached skill level 12 in Stealth
 12204 | Lair:6   | XOM: give mutations
 12204 | Lair:6   | Lost mutation: Your spells are a little easier to cast, but
                  | a little less powerful. [Xom's mischief]
 12204 | Lair:6   | Lost mutation: Your magical capacity is low. (-10% MP)
                  | [Xom's mischief]
 12205 | Lair:6   | Noticed a spiny frog
 12211 | Lair:6   | XOM: summons 2 hostile shadow creatures
 12213 | Lair:6   | Killed a spiny frog
 12213 | Lair:6   | HP: 6/42 [rime drake/flash freeze[Xom] (27)]
 12214 | Lair:6   | Redear: lда ну
 12216 | Lair:6   | Redear: щас кастом убьют
 12314 | Lair:6   | XOM: blink monster(s)
 12328 | Lair:6   | XOM: noise
 12375 | Lair:5   | XOM: give mutations
 12375 | Lair:5   | Gained mutation: You are frail. (-10% HP) [Xom's mischief]
 12375 | Lair:5   | Lost mutation: You can translocate small distances at will.
                  | [Xom's mischief]
 12433 | Lair:6   | XOM: confusion (+ monsters)
 12439 | Lair:6   | XOM: harmless Necr miscast
 12447 | Lair:6   | XOM: blink monster(s)
 12458 | Lair:6   | XOM: summons 5 hostile demons
 12459 | Lair:6   | Noticed an orange demon
 12566 | Lair:6   | Noticed a spiny frog
 12574 | Lair:6   | XOM: polymorph wolf -> naga
 12588 | Lair:5   | XOM: divine lightning
 12590 | Lair:5   | 1994: гг
 12590 | Lair:5   | Redear: хом слишком ухуевший
 12590 | Lair:5   | Slain by a spiny frog

Table legend:
 A = Turns spent in this place as a percentage of turns spent in the entire game.
 B = Non-inter-level travel turns spent in this place as a percentage of non-inter-level travel turns spent in the entire game.
 C = Inter-level travel turns spent in this place as a percentage of turns spent in this place.
 D = Turns resting spent in this place as a percentage of non-inter-level travel turns spent in this place.
 E = Turns spent auto-exploring this place as a percentage of non-inter-level travel turns spent in this place.
 F = Non-inter-level travel turns spent in this place divided by the number of levels of this place that you've seen.
                   A       B       C       D       E      F
               +-------+-------+-------+-------+-------+----------------------
         Total | 100.0 | 100.0 |   6.5 |  12.3 |  39.5 | 784.4
       Dungeon |  57.1 |  58.3 |   4.6 |  16.2 |  42.6 | 857.2
          Lair |  42.5 |  41.2 |   9.2 |   7.0 |  35.5 | 808.8
       Ossuary |   0.4 |   0.5 |   0.0 |   0.0 |   0.0 |  55.0
               +-------+-------+-------+-------+-------+----------------------

Table legend:
 A = Kills in this place as a percentage of kills in entire the game.
 B = Kills by you in this place as a percentage of kills by you in the entire game.
 C = Kills by friends in this place as a percentage of kills by friends in the entire game.
 D = Other kills in this place as a percentage of other kills in the entire game.
 E = Experience gained in this place as a percentage of experience gained in the entire game.
 F = Experience gained in this place divided by the number of levels of this place that you have seen.
                   A       B       C       D       E      F
               +-------+-------+-------+-------+-------+----------------------
         Total | 100.0 | 100.0 | 100.0 | 100.0 | 100.0 | 1449.7
       Dungeon |  64.9 |  66.8 |  38.5 |   0.0 |  20.1 | 546.6
          Lair |  34.6 |  32.7 |  61.5 | 100.0 |  79.9 | 2895.2
       Ossuary |   0.4 |   0.5 |   0.0 |   0.0 |   0.0 |   1.0
               +-------+-------+-------+-------+-------+----------------------

Skill      XL: |  1  2  3  4  5  6  7  8  9 10 11 |
---------------+----------------------------------+-----
Stealth        | 1 2 3 4 5 7 12 | 12.3
Charms         | 4 |  4.0
Translocations | 2 3 4 |  4.5
Dodging        | 4 5 |  5.8
Necromancy     | 1 2 3 4 |  4.5
Fighting       | 3 4 |  4.1
Unarmed Combat | 3 4 7 10 12 | 12.6
Evocations     | 4 |  4.2
Conjurations   | 1 4 |  4.8
Fire Magic     | 1 3 |  3.6
Spellcasting   | 4 3 |  4.0

Action                   |  1- 3 |  4- 6 |  7- 9 | 10-12 || total
-------------------------+-------+-------+-------+-------++-------
Melee: Unarmed           |   132 |   194 |   326 |   299 ||   951
       Bite              |     6 |    19 |    41 |    37 ||   103
       Punch             |       |       |    11 |    15 ||    26
 Cast: Infusion          |    16 |    13 |    25 |    31 ||    85
       Shroud of Golubri |       |    16 |    44 |    49 ||   109
       Regeneration      |       |     5 |    34 |    44 ||    83
       Throw Flame       |       |       |       |     5 ||     5
       Conjure Flame     |       |       |       |     2 ||     2
 Abil: Blink             |       |       |     3 |    25 ||    28
Evoke: Wand              |       |       |     5 |    48 ||    53
  Use: Scroll            |       |       |    10 |     8 ||    18
       Potion            |       |       |     3 |     4 ||     7
 Stab: Sleeping          |     6 |    10 |    14 |    11 ||    41
       Distracted        |       |       |     1 |       ||     1
       Confused          |       |       |     1 |       ||     1
  Eat: Chunk             |     1 |    10 |    13 |    24 ||    48
Armor: Skin              |     6 |     6 |    16 |    10 ||    38
Dodge: Dodged            |   122 |   140 |   310 |   274 ||   846

Vanquished Creatures
  A hydra (Lair:6)
  Sonja (Lair:5)
  Nergalle (Lair:2)
  3 black mambas
  9 spiny frogs
  A rime drake (Lair:3)
  2 komodo dragons
  3 polar bears
  5 hippogriffs
  2 bog bodies (Lair:2)
  9 yaks
  A basilisk (Lair:3)
  Menkaure (D:5)
  Duvessa (D:5)
  6 water moccasins
  2 porcupines (Lair:5)
  An orc warrior (D:8)
  2 phantoms
  An ice beast (D:6)
  An ogre (D:3)
  6 wolves
  2 centaurs
  9 crocodiles
  10 bullfrogs
  Dowan (D:5)
  A scorpion (D:5)
  2 howler monkeys
  3 crimson imps
  3 jellies
  A bullfrog zombie (D:6)
  2 orc priests
  2 hounds
  4 iguanas
  6 worker ants
  An orc wizard (D:5)
  A hound zombie (D:5)
  2 gnolls (D:6)
  12 adders
  An ooze (D:5)
  A worm (D:3)
  2 dart slugs
  4 leopard geckos
  13 orcs
  4 ball pythons
  7 giant cockroaches
  5 goblins
  9 hobgoblins
  12 jackals
  9 kobolds
  6 quokkas
  7 bats
  4 frilled lizards
  A hobgoblin zombie (Ossuary)
  A jackal zombie (D:6)
  10 rats
  2 butterflies (Lair:1)
219 creatures vanquished.

Vanquished Creatures (collateral kills)
  A two-headed ogre (D:8)
  A black mamba (Lair:2)
  A komodo dragon (Lair:2)
  2 yaks (Lair:3)
  An ice beast (D:5)
  An ogre (D:5)
  A hound (D:8)
  An orc wizard (D:5)
  4 adders (Lair:2)
13 creatures vanquished.

Vanquished Creatures (others)
  A black mamba (Lair:2)
  A porcupine (Lair:2)
  21 fungi
  15 plants
38 creatures vanquished.

Grand Total: 270 creatures vanquished
